 Dungeon Crawl Stone Soup version 0.21.1-1-g345015fe64 (webtiles) character file.

4549 Ilves the Cleaver (level 10, -1/141 HPs)
             Began as a Hill Orc Berserker on Apr 21, 2018.
             Was an Elder of Trog.
             Slain by a killer bee (3 damage)
             ... on level 8 of the Dungeon.
             The game lasted 00:13:45 (9381 turns).

Ilves the Cleaver (Hill Orc Berserker)              Turns: 9381, Time: 00:13:46

Health: -1/141     AC:  6    Str: 32    XL:     10   Next: 40%
Magic:  10/10      EV: 11    Int:  7    God:    Trog [****..]
Gold:   422        SH:  5    Dex: 13    Spells: 9/9 levels left

rFire    . . .     SeeInvis .   G - +0 hand axe (flame)
rCold    . . .     Gourm    +   f - +0 buckler
rNeg     . . .     Faith    .   v - +0 ring mail
rPois    .         Spirit   .   (no helmet)
rElec    .         Reflect  .   y - +0 cloak
rCorr    .         Harm     .   (no gloves)
MR       .....                  (no boots)
Stlth    ..........             l - amulet of the gourmand
HPRegen  0.33/turn              m - +2 ring of slaying
MPRegen  0.12/turn              t - +6 ring of strength

@: berserking, lethally poisoned (-1 -> -23), very quick
A: no striking features
a: Berserk, Trog's Hand, Brothers in Arms, Burn Spellbooks, Renounce Religion


You were on level 8 of the Dungeon.
You worshipped Trog.
Trog was greatly pleased with you.
You were not hungry.

You visited 1 branch of the dungeon, and saw 8 of its levels.
You also visited: Sewer.

You collected 422 gold pieces.

Inventory:

Hand Weapons
 G - a +0 hand axe of flaming (weapon)
Missiles
 z - 3 poisoned tomahawks (quivered)
Armour
 f - a +0 buckler (worn)
 v - a +0 ring mail (worn)
 y - a +0 cloak (worn)
Jewellery
 a - the ring of Gucauxt {MR+ Dex+4, unknown}
   (You found it on level 4 of the Dungeon)

   [ring of dexterity]

   It affects your dexterity (+4).
   It affects your resistance to hostile enchantments.
 l - an amulet of the gourmand (around neck)
 m - a +2 ring of slaying (left hand)
 t - a +6 ring of strength (right hand)
 A - the ring of Larudeq {*Corrode MR+ Str+6 Int-4 Stlth+, unknown}
   (You found it in a sewer)

   [ring of protection from magic]

   It affects your strength (+6).
   It affects your intelligence (-4).
   It affects your resistance to hostile enchantments.
   It may corrode you when you take damage.
   It makes you more stealthy.
 C - an uncursed amulet of guardian spirit {unknown}
 D - an uncursed ring of fire {unknown}
Wands
 M - a wand of random effects (32)
Scrolls
 b - 2 scrolls of fear {unknown}
 d - 15 scrolls of identify
 h - a scroll of noise {unknown}
 j - 5 scrolls of amnesia
 k - a scroll of teleportation {unknown}
 n - a scroll of blinking {unknown}
 o - 2 scrolls of remove curse
 w - a scroll of fog {unknown}
 x - 2 scrolls of random uselessness {unknown}
 I - 2 scrolls of enchant armour {unknown}
Potions
 e - 3 potions of heal wounds {unknown}
 g - 3 potions of agility {unknown}
 i - 3 potions of curing {unknown}
 p - 4 potions of haste
 q - 2 potions of might
 r - a potion of invisibility {unknown}
 s - a potion of mutation {unknown}
 u - a potion of magic {unknown}
 B - a potion of cancellation {unknown}
 E - a potion of degeneration {unknown}
 F - 4 potions of resistance {unknown}
 H - a potion of ambrosia {unknown}
 J - a potion of lignification {unknown}
 K - a potion of flight {unknown}
 L - a potion of berserk rage {unknown}
Comestibles
 c - 19 rations


   Skills:
 + Level 10.3 Fighting
 + Level 14.7 Axes
 - Level 2.1 Armour
 - Level 1.5 Dodging
 + Level 4.8 Shields
 + Level 0.5 Evocations


You had 9 spell levels left.
You didn't know any spells.

Dungeon Overview and Level Annotations

Branches:
Dungeon (8/15)             Temple (0/1) D:6
   Lair: D:8-11

Altars:
Gozag
Kikubaaqudgha
Makhleb
Okawaru
Qazlal
Ru
Xom

Shops:
D:6 %

Annotations:
D:8 asdpro's ghost, novice OgBe


Message History

A killer bee comes into view.
You barely miss asdpro's ghost.
Asdpro's ghost is heavily damaged.
* * * LOW HITPOINT WARNING * * *
You feel sick. Asdpro's ghost closely misses you.
You slice asdpro's ghost!! You burn asdpro's ghost.
Asdpro's ghost is severely damaged.
* * * LOW HITPOINT WARNING * * *
You feel sick.
You closely miss asdpro's ghost.
Asdpro's ghost is severely damaged.
You miss the killer bee.
* * * LOW HITPOINT WARNING * * *
You feel sick. You block asdpro's ghost's attack.
A killer bee comes into view.
* * * LOW HITPOINT WARNING * * *
You feel sick. The killer bee barely misses you. The killer bee stings you.
* * * LOW HITPOINT WARNING * * *
The killer bee stings you.
You die...

..# ... ..##
#.. ...####
#.. .
......#####
#.# .#
...###....####
#.# .# ..##
####....###.#
.# ###
####..††.##.#
# ##..†Wyy#
### #...y@y##
####.#
#...#..y..#
##....#
#..###.....y..
......# #...
########.
......# #...#
......# #..#
.....## ..#
.....#
.....##..


You could see 6 killer bees and asdpro's ghost.

Vanquished Creatures
  The ghost of Lusmu the Spear-Bearer, a novice CeWr of Qazlal (D:7)
  Pikel (D:6)
  A centaur skeleton (D:6)
  A queen bee (D:8)
  2 hippogriffs
  Eustachio (D:6)
  A sky beast (D:8)
  4 ice beasts
  A phantom (D:5)
  2 slaves (D:6)
  An ogre (D:6)
  3 centaurs (D:6)
  The ghost of Khress the Shield-Bearer, an amateur GrFi (D:3)
  A wyvern zombie (D:8)
  A big kobold (D:8)
  3 bullfrogs
  A water moccasin zombie (D:7)
  A wyvern skeleton (D:7)
  2 scorpions (D:5)
  7 killer bees (D:8)
  2 crimson imps
  A jelly (D:8)
  3 hounds
  2 orc priests
  3 orc wizards
  5 iguanas
  3 worker ants
  A worker ant zombie (D:6)
  10 adders
  A river rat (D:4)
  An adder zombie (D:6)
  4 worms (D:4)
  A dart slug (D:2)
  3 leopard geckos
  27 orcs
  12 giant cockroaches
  5 goblins
  11 hobgoblins
  3 jackals (D:7)
  12 kobolds
  3 quokkas
  5 ball pythons
  9 bats
  9 frilled lizards
  A leopard gecko skeleton (D:7)
  7 rats
180 creatures vanquished.

Vanquished Creatures (others)
  4 bushes (D:8)
4 creatures vanquished.

Grand Total: 184 creatures vanquished

Notes
Turn   | Place    | Note
-------+----------+-------------------------------------------
     0 | D:1      | Ilves the Hill Orc Berserker began the quest for the Orb.
     0 | D:1      | Reached XP level 1. HP: 19/19 MP: 1/1
   548 | D:1      | Reached XP level 2. HP: 22/27 MP: 2/2
   916 | D:1      | Reached XP level 3. HP: 25/33 MP: 3/3
  1399 | D:1      | Reached skill level 5 in Axes
  1767 | D:2      | Reached ** piety under Trog
  2219 | D:3      | Reached XP level 4. HP: 41/41 MP: 4/4
  2264 | D:3      | Noticed Khress's ghost (amateur GrFi)
  2274 | D:3      | Killed Khress's ghost
  2274 | D:3      | Reached skill level 5 in Fighting
  2274 | D:3      | Reached skill level 6 in Axes
  2274 | D:3      | Reached XP level 5. HP: 48/48 MP: 5/5
  3225 | D:4      | Found a glowing drain.
  3230 | Sewer    | Entered a sewer
  3264 | Sewer    | Reached skill level 1 in Shields
  3278 | Sewer    | Reached *** piety under Trog
  3380 | Sewer    | Reached XP level 6. HP: 53/56 MP: 6/6
  3383 | Sewer    | Reached skill level 7 in Axes
  3488 | Sewer    | HP: 4/84 [bullfrog (3)]
  3525 | Sewer    | Got a translucent ivory ring
  4102 | D:4      | Received a gift from Trog
  4230 | D:4      | Reached skill level 8 in Axes
  4230 | D:4      | Reached XP level 7. HP: 62/63 MP: 7/7
  4627 | D:4      | Found a stormy altar of Qazlal.
  4630 | D:4      | Noticed a fire elemental
  4630 | D:4      | Noticed a water elemental
  4630 | D:4      | Noticed an air elemental
  4754 | D:4      | Got a pitted jade ring
  5274 | D:5      | Entered Level 5 of the Dungeon
  5326 | D:5      | Found an iron altar of Okawaru.
  5525 | D:5      | Found a shimmering altar of Xom.
  5528 | D:5      | Found an ancient bone altar of Kikubaaqudgha.
  5529 | D:5      | Found an opulent altar of Gozag.
  5531 | D:5      | Found a sacrificial altar of Ru.
  5604 | D:5      | Reached skill level 9 in Axes
  6051 | D:5      | Reached XP level 8. HP: 67/71 MP: 8/8
  6275 | D:6      | Found a staircase to the Ecumenical Temple.
  6314 | D:6      | Reached skill level 10 in Axes
  6593 | D:6      | Found Uboraon's Food Emporium.
  6602 | D:6      | Noticed Eustachio
  6614 | D:6      | Killed Eustachio
  6871 | D:6      | Reached skill level 11 in Axes
  7143 | D:6      | Reached **** piety under Trog
  7311 | D:6      | Reached XP level 9. HP: 71/81 MP: 9/9
  7345 | D:6      | Noticed Pikel
  7359 | D:6      | Killed Pikel
  7359 | D:6      | Reached skill level 12 in Axes
  7772 | D:7      | Noticed Lusmu's ghost (novice CeWr)
  7780 | D:7      | Reached skill level 13 in Axes
  7802 | D:7      | Killed Lusmu's ghost
  7953 | D:7      | Reached XP level 10. HP: 86/92 MP: 10/10
  8282 | D:7      | Reached skill level 14 in Axes
  8530 | D:8      | Found a burning altar of Makhleb.
  8964 | D:8      | Reached skill level 10 in Fighting
  9364 | D:8      | Noticed asdpro's ghost (novice OgBe)
  9380 | D:8      | HP: 7/141 [poisoned by a queen bee]
  9381 | D:8      | HP: 2/141 [killer bee (3)]
  9381 | D:8      | Slain by a killer bee

Skill      XL: |  1  2  3  4  5  6  7  8  9 10 |
---------------+-------------------------------+-----
Fighting       | 4 5 6 8 9 10 | 10.3
Axes           | 5 6 8 9 11 13 14 | 14.7
Shields        | 1 2 3 4 |  4.8
Armour         | |  2.1
Dodging        | |  1.5
Evocations     | |  0.5

Action                   |  1- 3 |  4- 6 |  7- 9 | 10-12 || total
-------------------------+-------+-------+-------+-------++-------
Melee: Hand axe          |   127 |   170 |   217 |   127 ||   641
Invok: Berserk           |       |     3 |     2 |     1 ||     6
Evoke: Wand              |       |       |     4 |       ||     4
  Use: Scroll            |       |     3 |     1 |       ||     4
 Stab: Sleeping          |     2 |       |       |       ||     2
  Eat: Chunk             |    10 |    12 |    13 |       ||    35
Armor: Animal skin       |    26 |       |       |       ||    26
       Ring mail         |       |    38 |    42 |    30 ||   110
Dodge: Dodged            |    80 |    80 |    98 |    42 ||   300
Block: Buckler           |    11 |    33 |    22 |    27 ||    93
